 Dungeon Crawl Stone Soup version 0.22-a0-362-g535178c (webtiles) character file.

321 RoseArtemis the Cudgeler (level 6, -4/39 HPs)
             Began as a Gargoyle Monk on Apr 19, 2018.
             Slain by an ogre
             ... wielding a +0 giant spiked club
              (27 damage)
             ... on level 3 of the Dungeon.
             The game lasted 00:07:30 (3151 turns).

RoseArtemis the Cudgeler (Gargoyle Monk)            Turns: 3151, Time: 00:07:31

Health: -4/39      AC: 10    Str: 16    XL:     6   Next: 46%
Magic:  6/6        EV: 11    Int: 11    God:
Gold:   91         SH:  3    Dex: 12    Spells: 5/5 levels left

rFire    . . .     SeeInvis .   i - +2 whip (freeze)
rCold    . . .     Gourm    .   v - +0 buckler
rNeg     + . .     Faith    .   u - +0 ring mail
rPois    ∞         Spirit   .   f - +0 helmet
rElec    +         Reflect  .   (no cloak)
rCorr    .         Harm     .   (no gloves)
MR       .....                  (no boots)
Stlth    ++........             (no amulet)
HPRegen  0.13/turn              (no ring)
MPRegen  0.10/turn              (no ring)

@: no status effects
A: negative energy resistance 1, electricity resistance, unbreathing,
petrification resistance, rot immunity, AC +4
a: no special abilities


You were on level 3 of the Dungeon.
You were not hungry.

You visited 1 branch of the dungeon, and saw 3 of its levels.

You collected 91 gold pieces.

Inventory:

Hand Weapons
 i - a +2 whip of freezing (weapon)
Armour
 f - a +0 helmet (worn)
 u - a +0 ring mail (worn)
 v - a +0 buckler (worn)
Wands
 d - a wand of paralysis (8)
Scrolls
 e - a scroll of fog {unknown}
 m - 4 scrolls of identify {unknown}
 o - a scroll of teleportation {unknown}
 p - a scroll of remove curse {unknown}
 q - 2 scrolls of blinking {unknown}
 r - 2 scrolls of enchant weapon {unknown}
 s - a scroll of enchant armour {unknown}
Potions
 a - a potion of resistance {unknown}
 g - 2 potions of mutation {unknown}
 h - 3 potions of curing {unknown}
 j - a potion of lignification {unknown}
 k - 2 potions of flight {unknown}
 l - a potion of ambrosia {unknown}
 n - a potion of brilliance {unknown}
 t - 2 potions of agility {unknown}
Comestibles
 c - 4 rations


   Skills:
 + Level 4.5 Fighting
 * Level 5.0 Maces & Flails
 + Level 3.3 Dodging
 - Level 3.9 Stealth
 + Level 0.1 Shields


You had 5 spell levels left.
You didn't know any spells.

Dungeon Overview and Level Annotations

Branches:
Dungeon (3/15)

Altars:
Yredelemnul


Innate Abilities, Weirdness & Mutations

You are resistant to torment.
Your stone body is resilient. (AC +4)
You are immune to poison.
You resist negative energy. (rN+)
You are resistant to electric shocks. (rElec)
You can survive without breathing.
You are immune to petrification.
You are immune to rotting.


Message History

The goblin hits you but does no damage. x2
The ogre hits you with a giant spiked club!
There is an open door here.
Things that are here:
a dagger; a club; a goblin corpse The goblin hits you but does no damage.
You hit the goblin. You freeze the goblin.
You kill the goblin!
You hit the goblin. You freeze the goblin.
You kill the goblin!
You hit the goblin. You freeze the goblin.
You kill the goblin!
You closely miss the goblin. The goblin hits you but does no damage.
You hit the goblin. You freeze the goblin.
You kill the goblin!
You hit the ogre. You freeze the ogre.
The ogre is lightly wounded.
The ogre hits you with a giant spiked club!!
Ouch! That really hurt!
You die...

###### #<##.# #.##.##########
######.##...........
#.........##########
#.#@##.#..#........#
#O##'#..#.######.#
###############..%#....#.........
..............#%..#....#.......#.
#########....##...#....#.........
#########....######....#.#####.#.
.............#.#.#.....#.# #.#.
.............#.#.##'#..#.# #.#.
..........####.#.##.#..#.#####.#.


You could see an ogre.

Vanquished Creatures
  A sky beast (D:3)
  The ghost of VDreamerV the Insei, an amateur OpTm of Cheibriados (D:3)
  Jessica (D:3)
  4 adders
  2 oozes (D:1)
  3 worms (D:3)
  A dart slug (D:1)
  2 leopard geckos
  An orc (D:3)
  3 giant cockroaches
  13 goblins
  14 hobgoblins
  4 quokkas (D:3)
  8 bats
  5 frilled lizards
  6 kobolds
  4 rats
73 creatures vanquished.

Notes
Turn   | Place    | Note
-------+----------+-------------------------------------------
     0 | D:1      | RoseArtemis the Gargoyle Monk began the quest for the Orb.
     0 | D:1      | Reached XP level 1. HP: 14/14 MP: 1/1
    88 | D:1      | Reached XP level 2. HP: 19/19 MP: 2/2
   397 | D:1      | Reached XP level 3. HP: 23/23 MP: 3/3
  1290 | D:2      | Found a basalt altar of Yredelemnul.
  1500 | D:2      | Reached XP level 4. HP: 15/29 MP: 4/4
  1890 | D:3      | Noticed Jessica
  1905 | D:3      | Killed Jessica
  1996 | D:3      | Noticed VDreamerV's ghost (amateur OpTm)
  2009 | D:3      | Killed VDreamerV's ghost
  2009 | D:3      | Reached skill level 4 in Maces & Flails
  2009 | D:3      | Reached XP level 5. HP: 24/33 MP: 5/5
  2585 | D:3      | Noticed a sky beast
  2608 | D:3      | Killed a sky beast
  2608 | D:3      | Reached XP level 6. HP: 15/39 MP: 6/6
  2823 | D:3      | Reached skill level 5 in Maces & Flails
  3151 | D:3      | Slain by an ogre

Vault maps used:
D:1:      dpeg_arrival_long_road
D:2:      yredelemnul_altar_generic
D:3:      minmay_ogre_servants, uniq_jessica

Skill      XL: |  1  2  3  4  5  6 |
---------------+-------------------+-----
Stealth        | 3 |  3.9
Fighting       | 4 |  4.5
Maces & Flails | 4 5 |  5.0
Dodging        | 3 |  3.3
Shields        | |  0.1

Action                   |  1- 3 |  4- 6 || total
-------------------------+-------+-------++-------
Melee: Mace              |    31 |       ||    31
       Whip              |    57 |   142 ||   199
 Stab: Sleeping          |     7 |     1 ||     8
  Eat: Chunk             |     2 |     5 ||     7
Armor: Robe              |    30 |     1 ||    31
       Ring mail         |       |    39 ||    39
Dodge: Dodged            |    55 |    46 ||   101
Block: Buckler           |       |     2 ||     2

Table legend:
 A = Spawn XP
 B = Non-spawn XP
 C = Spawn XP percentage of total XP
 D = Spawn monster count
 E = Non-spawn monster count
 F = Spawn count percentage of total count
 G = Total turns spent on level
                    A         B        C        D         E        F      G
               +---------+---------+-------+---------+---------+-------+---------
         Total |       0 |     459 |   0.0 |       0 |      73 |   0.0 |  3151
               +---------+---------+-------+---------+---------+-------+---------
           D:1 |       0 |      48 |   0.0 |       0 |      22 |   0.0 |   800
           D:2 |       0 |      36 |   0.0 |       0 |      15 |   0.0 |  1088
           D:3 |       0 |     375 |   0.0 |       0 |      36 |   0.0 |  1263
               +---------+---------+-------+---------+---------+-------+---------
